Map: Acid Plant LE

Players

Neeb - Winner!

  • Race: Protoss Protoss
  • Spawn Location: 5:00

RagnaroK (SHIN)

  • Race: Zerg Zerg
  • Spawn Location: 11:00

Event: IEM Season 12 - Katowice

VOD

Have the link to the VOD?

Description

Time

  • Played on: Feb. 27, 2018, 11:22 a.m.
  • Length: 13:17

All games in this series

Show
View Real Time Build Order
Export as new Build Order

Neeb Protoss - Winner!

Build Orders: 1 Gate Expand, Oracle Opening, Chargelot Immortal 

Get SALT Encoding   

  12  0:00  Probe  
  13  0:12  Probe  
  14  0:17  Pylon  
  14  0:24  Probe  
  15  0:33  Assimilator  
  15  0:36  Probe (Chrono Boost)  
  16  0:45  Gateway  
  16  0:47  Probe (Chrono Boost)  
  17  0:53  Probe  
  18  1:05  Probe  
  19  1:17  Probe  
  20  1:23  Nexus  
  20  1:33  Cybernetics Core  
  20  1:35  Probe  
  21  1:40  Assimilator  
  21  1:47  Probe  
  21  1:52  Pylon  
  22  1:59  Probe  
  23  2:08  Adept (Chrono Boost)  
  23  2:11  Warp Gate, Probe  
  26  2:21  Stargate  
  26  2:23  Probe  
  26  2:27  Adept (Chrono Boost)  
  29  2:35  Probe  
  29  2:36  Probe  
  31  2:45  Adept (Chrono Boost)  
  31  2:48  Probe x2  
  35  3:00  Probe x2  
  35  3:01  Oracle (Chrono Boost)  
  40  3:09  Gateway  
  40  3:15  Gateway  
  40  3:16  Probe  
  40  3:17  Probe  
  42  3:23  Pylon  
  42  3:28  Probe  
  42  3:31  Oracle (Chrono Boost)  
  46  3:41  Probe x2  
  48  3:42  Pylon  
  48  3:53  Probe x2  
  50  4:01  Phoenix  
  52  4:05  Probe x2, Pylon  
  54  4:13  Adept x3  
  60  4:17  Probe x2, Pylon  
  62  4:25  Assimilator x2  
  62  4:29  Probe x2  
  64  4:37  Sentry  
  66  4:40  Nexus  
  66  4:41  Probe x2  
  66  4:53  Probe x2  
  66  4:57  Sentry x2  
  70  5:05  Probe  
  70  5:06  Probe  
  70  5:07  Forge  
  70  5:08  Twilight Council  
  70  5:11  Pylon  
  68  5:17  Probe  
  68  5:18  Probe  
  68  5:20  Robotics Facility  
  63  5:29  Robotics Facility  
  63  5:30  Probe x2  
  63  5:32  Shield Battery  
  63  5:34  Zealot x2  
  63  5:35  Zealot  
  71  5:44  Probe  
  72  5:50  Nexus  
  72  5:51  Probe  
  73  5:57  Zealot x2  
  73  5:58  Zealot  
  73  6:02  Probe  
  80  6:05  Probe  
  80  6:09  Immortal (Chrono Boost)  
  81  6:14  Probe  
  81  6:16  Oracle  
  81  6:17  Probe  
  81  6:18  Zealot x3  
  86  6:20  Protoss Ground Weapons Level 1 (Chrono Boost)  
  86  6:22  Pylon  
  83  6:26  Charge  
  83  6:29  Immortal (Chrono Boost)  
  83  6:38  Probe  
  83  6:39  Probe  
  85  6:41  Sentry  
  85  6:42  Sentry  
  85  6:44  Observer (Chrono Boost)  
  90  6:51  Probe x2  
  92  6:57  Pylon  
  92  7:01  Assimilator  
  92  7:03  Probe  
  92  7:04  Immortal (Chrono Boost), Assimilator  
  92  7:07  Immortal (Chrono Boost)  
  97  7:12  Probe  
  97  7:13  Probe  
  97  7:14  Pylon  
  97  7:15  Probe  
  104  7:20  Pylon  
  104  7:21  Templar Archives  
  104  7:26  Probe x2  
  104  7:28  Pylon  
  106  7:45  Pylon  
  106  7:48  Gateway  
  106  7:49  Psionic Storm, Gateway x2  
  106  7:50  Gateway  
  108  7:52  Photon Cannon  
  108  7:55  Gateway  
  106  7:59  Photon Cannon  
  106  8:01  High Templar x2  
  106  8:02  High Templar  
  112  8:10  Nexus  
  112  8:14  Pylon  
  112  8:16  Protoss Ground Weapons Level 2  
  112  8:17  Immortal  
  116  8:22  Immortal  
  120  8:33  Probe x2  
  120  8:34  Probe  
  119  8:36  Shield Battery  
  119  8:37  Photon Cannon  
  119  8:38  High Templar  
  121  8:44  High Templar  
  121  8:46  Probe  
  124  8:48  Probe  
  124  8:49  Probe  
  124  8:51  Zealot x3, Assimilator  
  126  8:56  Zealot x2, Assimilator  
  130  9:05  Immortal  
  134  9:12  High Templar x2  
  134  9:13  Zealot x3  
  144  9:17  Archon  
  144  9:18  Immortal  
  144  9:21  Zealot  
  146  9:31  Zealot x2  
  136  9:33  Probe  
  136  9:34  Probe  
  136  9:36  Probe  
  133  9:45  High Templar x2  
  130  9:48  Zealot x4  
  130  9:51  Immortal (Chrono Boost)  
  142  9:58  Templar Archives  
  140  10:01  Immortal (Chrono Boost)  
  144  10:12  Nexus  
  144  10:22  Probe x3  
  147  10:32  Zealot  
  149  10:38  Pylon  
  149  10:39  Pylon  
  149  10:41  Pylon  
  149  10:46  Probe x2  
  149  10:47  Probe  
  149  10:49  Immortal  
  148  10:50  Immortal  
  144  10:59  High Templar x2  
  144  11:00  High Templar x2  
  144  11:02  High Templar  
  151  11:04  Probe  
  151  11:08  Probe  
  150  11:13  Archon  
  150  11:14  Archon  
  150  11:16  Probe, Archon x2  
  135  11:20  Probe  
  129  11:25  Zealot  
  131  11:34  High Templar  
  131  11:35  Zealot, High Templar  
  131  11:36  Zealot  
  142  11:40  Archon  
  142  11:45  Nexus  
  135  11:51  Nexus  
  135  11:52  Zealot  
  137  11:57  High Templar x2  
  141  12:02  Archon  
  141  12:14  Zealot x2  
  129  12:25  Zealot  
  112  12:32  Probe  
  112  12:34  Zealot x3  
  116  12:45  Archon  
  116  12:52  Zealot x2  
  114  13:07  High Templar  
  114  13:08  High Templar x2  
Show
View Real Time Build Order
Export as new Build Order

RagnaroK Zerg 

Build Orders: Hatch First, Lurkers, Roach Hydra 

Get SALT Encoding   

  12  0:00  Drone  
  13  0:07  Drone  
  14  0:17  Overlord  
  14  0:22  Extractor  
  14  0:23  Drone  
  15  0:35  Drone x2  
  17  0:51  Hatchery  
  17  0:55  Drone  
  17  0:59  Drone  
  18  1:09  Extractor  
  17  1:13  Spawning Pool  
  17  1:16  Drone  
  17  1:19  Drone  
  18  1:26  Drone  
  19  1:37  Overlord  
  19  2:00  Queen, Zergling x4  
  23  2:03  Drone, Queen  
  26  2:08  Metabolic Boost  
  26  2:10  Drone  
  26  2:14  Drone  
  28  2:20  Drone  
  29  2:25  Drone  
  30  2:32  Drone  
  31  2:38  Hatchery  
  31  2:42  Drone  
  31  2:43  Drone  
  32  2:46  Zergling x2  
  33  2:52  Overlord  
  33  2:57  Queen  
  35  2:59  Drone  
  35  3:05  Overlord  
  36  3:10  Drone  
  36  3:11  Zergling x2  
  38  3:13  Drone  
  38  3:14  Evolution Chamber  
  38  3:15  Drone  
  39  3:22  Drone  
  39  3:23  Zergling x2  
  39  3:25  Drone x2  
  43  3:27  Drone  
  44  3:35  Spore Crawler  
  44  3:36  Drone  
  44  3:38  Drone  
  45  3:42  Queen  
  45  3:45  Drone x3  
  50  3:51  Queen  
  50  3:54  Spore Crawler  
  51  3:56  Overlord  
  51  3:58  Zergling x2  
  51  4:00  Drone  
  51  4:01  Drone  
  51  4:02  Drone  
  55  4:06  Zerg Melee Weapons Level 1  
  55  4:09  Drone x2  
  57  4:13  Overlord  
  57  4:15  Spore Crawler  
  56  4:18  Drone  
  56  4:20  Drone x3  
  60  4:26  Queen  
  60  4:30  Drone  
  61  4:37  Zergling x12  
  66  4:43  Zergling x6  
  64  4:47  Zergling x4  
  64  4:52  Zergling x4  
  64  4:53  Zergling x4  
  64  4:55  Lair  
  64  4:58  Zergling x4  
  64  4:59  Zergling x2  
  66  5:05  Zergling x6  
  66  5:06  Overlord  
  66  5:13  Drone  
  64  5:14  Drone  
  64  5:22  Drone x3  
  64  5:23  Overlord x2  
  64  5:29  Zergling x4  
  64  5:35  Drone  
  67  5:36  Drone x2  
  67  5:38  Zergling x2  
  67  5:42  Roach Warren, Extractor  
  68  5:43  Zergling x4  
  68  5:44  Drone  
  68  5:48  Drone x2  
  68  5:49  Drone  
  73  5:50  Drone  
  73  5:53  Zergling x2  
  75  5:57  Extractor  
  75  5:59  Drone  
  75  6:02  Drone x2  
  74  6:05  Drone x3  
  70  6:11  Drone x2  
  70  6:14  Drone  
  70  6:16  Zergling x6  
  72  6:22  Drone x2, Hydralisk Den  
  72  6:23  Glial Reconstitution  
  70  6:26  Drone x2  
  70  6:27  Drone x2  
  72  6:34  Drone x3, Zerg Missile Weapons Level 1  
  72  6:35  Drone x2  
  72  6:37  Drone  
  78  6:53  Hydralisk  
  78  6:54  Hydralisk x2, Grooved Spines  
  78  6:55  Overlord  
  84  7:02  Drone x3, Extractor  
  84  7:03  Drone  
  84  7:04  Overlord  
  84  7:05  Overlord, Hydralisk  
  84  7:06  Extractor  
  84  7:07  Overlord  
  84  7:08  Overlord  
  88  7:10  Overlord  
  87  7:19  Hydralisk x2  
  87  7:21  Hatchery  
  90  7:24  Drone  
  90  7:27  Hydralisk  
  90  7:28  Roach x3  
  99  7:36  Overlord  
  99  7:38  Hydralisk x2  
  99  7:39  Roach x2  
  106  7:47  Pneumatized Carapace  
  106  7:48  Zergling x2  
  106  7:49  Zergling x14  
  114  7:53  Hydralisk  
  114  7:54  Roach x2  
  120  7:59  Overseer  
  120  8:02  Overlord  
  120  8:04  Roach, Zergling x4  
  120  8:05  Zergling x6  
  127  8:11  Roach, Zergling x2, Muscular Augments  
  130  8:18  Roach x3  
  136  8:26  Roach x2  
  139  8:27  Overlord  
  139  8:30  Roach, Zergling x12  
  147  8:38  Roach, Spine Crawler, Zergling x4  
  150  8:44  Lurker Den, Overlord  
  150  8:45  Roach, Zergling x4  
  153  8:51  Hydralisk  
  153  8:52  Roach x2  
  153  8:55  Roach  
  158  8:58  Overlord  
  158  9:01  Roach  
  158  9:02  Roach x3  
  166  9:05  Roach, Zergling x2  
  166  9:06  Zergling x2  
  171  9:10  Zergling x8  
  167  9:18  Roach, Zergling x6  
  170  9:27  Roach x3, Zergling x6  
  170  9:30  Hydralisk  
  163  9:32  Hydralisk x2  
  163  9:33  Roach  
  163  9:37  Roach, Zergling x4  
  159  9:41  Zergling x6  
  159  9:42  Zergling x2  
  153  9:49  Zergling x6  
  153  9:52  Drone  
  153  9:53  Drone  
  153  9:54  Zergling x4  
  153  9:55  Zergling x6  
  155  10:01  Hydralisk x3  
  160  10:10  Lurker  
  160  10:11  Lurker x4  
  160  10:12  Zergling x2  
  160  10:13  Zergling x6  
  169  10:17  Hydralisk x2  
  169  10:20  Zergling x6  
  175  10:23  Hydralisk, Zergling x2  
  178  10:35  Hydralisk  
  178  10:36  Zergling x8  
  178  10:38  Overlord x3  
  178  10:39  Overlord  
  178  10:41  Overlord  
  183  10:44  Overlord  
  183  10:46  Zergling x6  
  164  10:53  Hydralisk x3  
  164  10:55  Zergling x6  
  162  10:57  Zergling x2  
  162  11:02  Hydralisk  
  162  11:03  Zergling x8  
  160  11:05  Hydralisk  
  160  11:07  Zergling x2  
  160  11:08  Zergling x2  
  160  11:09  Zergling x2  
  160  11:10  Hydralisk  
  156  11:12  Zergling x2  
  156  11:14  Zergling x2  
  148  11:19  Hydralisk x2  
  148  11:20  Hydralisk  
  148  11:22  Hydralisk, Zergling x2  
  148  11:23  Zergling x2  
  137  11:28  Hydralisk, Zergling x2  
  137  11:29  Zergling x2  
  131  11:33  Lurker x2  
  131  11:34  Drone x3  
  131  11:35  Drone  
  131  11:38  Drone x3  
  135  11:40  Hydralisk  
  135  11:46  Drone x2  
  134  11:47  Extractor  
  134  11:52  Lurker x2  
  134  11:53  Hydralisk, Zergling x2  
  138  11:55  Zergling x4  
  138  11:58  Roach  
  138  12:00  Roach  
  140  12:03  Roach x2  
  140  12:06  Hydralisk  
  140  12:07  Roach  
  148  12:08  Roach  
  148  12:11  Roach x2  
  148  12:15  Hydralisk  
  148  12:17  Hydralisk, Zergling x4  
  148  12:18  Zergling x2  
  148  12:19  Zergling x4  
  140  12:23  Roach, Zergling x2  
  140  12:26  Roach x2  
  140  12:27  Roach  
  140  12:28  Roach  
  140  12:29  Zergling x2  
  128  12:32  Roach  
  128  12:33  Roach  
  128  12:36  Hydralisk  
  117  12:39  Roach  
  117  12:41  Hydralisk  
  117  12:42  Hydralisk  
  88  12:45  Roach  
  88  12:47  Roach  
  88  12:49  Roach  
  90  12:51  Roach  
  90  12:53  Roach  
  90  12:55  Zergling x2  

Tags
 
Add a new tag
Caveats
  • Supply blocks, unpowered buildings, or Contaminate may cause inaccurate times.
  • Supply counts are checked every 10 seconds.